APL (24 & UNDER)
DETROIT DIRTY SNOW @ MONTGOMERY GREY SOX
09/02/2030
 
TOP OF THE 1ST
Detroit Dirty Snow batting - Pitching for Montgomery Grey Sox : LHP Pete Shirley
Pitching: LHP Pete Shirley
Batting: LHB Lee Jenkins 0-0: Ball
1-0: Swinging Strike
1-1: Swinging Strike
1-2: Strikes out swinging
Batting: RHB Mauro Peña 0-0: Ground out 6-3 (Groundball, 6)
Batting: RHB Gustavo López 0-0: Ball
1-0: Fly out, F9 (Flyball, 9S)
Top of the 1st over - 0 runs, 0 hits, 0 errors, 0 left on base; Detroit 0 - Montgomery 0
BOTTOM OF THE 1ST
Montgomery Grey Sox batting - Pitching for Detroit Dirty Snow : RHP Alberto Bustamante
Pitching: RHP Alberto Bustamante
Batting: RHB Julius Farmer 0-0: Swinging Strike
0-1: Ball
1-1: Ball
2-1: Foul Ball, location: 2F
2-2: Foul Ball, location: 2F
2-2: Ball
3-2: Base on Balls
Batting: SHB Wilson Bray 0-0: Swinging Strike
0-1: Ball
1-1: Ball
2-1: Called Strike
2-2: Reached on error, E1 (Groundball, 13)
Julius Farmer to second
Batting: RHB Pedro Castro 0-0: Ball
1-0: Called Strike
Julius Farmer steals 3rd base
1-1: Fly out, F7 (Flyball, 7)
Runner from 3rd tags up, SCORES, no throw
Batting: RHB Randall James 0-0: Ball
1-0: Ball
2-0: Called Strike
2-1: Swinging Strike
2-2: Fly out, F7 (Flyball, 78D)
Batting: RHB César Heredia 0-0: Ball
1-0: Fly out, F7 (Flyball, 7LS)
Bottom of the 1st over - 1 run, 0 hits, 1 error, 1 left on base; Detroit 0 - Montgomery 1
TOP OF THE 2ND
Detroit Dirty Snow batting - Pitching for Montgomery Grey Sox : LHP Pete Shirley
Batting: SHB Víctor Torres 0-0: Ball
1-0: Foul Ball, location: 2F
1-1: SINGLE (Groundball, 6) (infield hit)
Batting: RHB Phil Poole 0-0: Ball
1-0: SINGLE (Groundball, 3D)
Víctor Torres to second
Runner from 2nd tries for 3rd, SAFE, throw made to third
Batting: LHB Al Cramer 0-0: Called Strike
0-1: Foul Ball, location: 2F
0-2: Ball
1-2: Ball
2-2: Strikes out swinging
Batting: RHB António Aguilera 0-0: Ball
1-0: Swinging Strike
1-1: Swinging Strike
1-2: Ball
2-2: Ball
3-2: Foul Ball, location: 2F
3-2: Fly out, F8 (Flyball, 8RM)
Runner from 3rd tags up, OUT at HOME
Top of the 2nd over - 0 runs, 2 hits, 0 errors, 1 left on base; Detroit 0 - Montgomery 1
BOTTOM OF THE 2ND
Montgomery Grey Sox batting - Pitching for Detroit Dirty Snow : RHP Alberto Bustamante
Batting: RHB Vincente Martínez 0-0: Ball
1-0: Foul Ball, location: 2F
1-1: Swinging Strike
1-2: Strikes out swinging
Batting: RHB José Torres 0-0: Called Strike
0-1: Ball
1-1: SINGLE (Groundball, 34D)
Batting: LHB Dave Wilkinson 0-0: Ball
Pickoff Throw to First - Error! E1
José Torres to second
1-0: Ball
2-0: Called Strike
2-1: Foul Ball, location: 2F
2-2: Ground out U3 (Groundball, 34)
José Torres to third
Batting: RHB Norman Hopkins 0-0: Ball
1-0: Called Strike
1-1: Called Strike
1-2: Fly out, F8 (Flyball, 8RM)
Bottom of the 2nd over - 0 runs, 1 hit, 1 error, 1 left on base; Detroit 0 - Montgomery 1
TOP OF THE 3RD
Detroit Dirty Snow batting - Pitching for Montgomery Grey Sox : LHP Pete Shirley
Batting: LHB Joe Hanson 0-0: Ball
1-0: Swinging Strike
1-1: Foul Ball, location: 2F
1-2: Strikes out swinging
Batting: LHB Luis Salazar 0-0: Called Strike
0-1: Ball
1-1: Called Strike
1-2: Ball
2-2: Ball
3-2: Base on Balls
Batting: LHB Lee Jenkins 0-0: Ball
1-0: Called Strike
1-1: Ball
2-1: Foul Ball, location: 2F
2-2: Ground out 2-3 (Groundball, 15S)
Luis Salazar to second
Batting: RHB Mauro Peña 0-0: Called Strike
0-1: Ball
1-1: Ball
2-1: Ground out U3 (Groundball, 34)
Top of the 3rd over - 0 runs, 0 hits, 0 errors, 1 left on base; Detroit 0 - Montgomery 1
BOTTOM OF THE 3RD
Montgomery Grey Sox batting - Pitching for Detroit Dirty Snow : RHP Alberto Bustamante
Batting: RHB Julius Farmer 0-0: Called Strike
0-1: Ground out 5-3 (Groundball, 56)
Batting: SHB Wilson Bray 0-0: Called Strike
0-1: Foul Ball, location: 2F
0-2: Ball
1-2: Ground out 5-3 (Groundball, 56S)
Batting: RHB Pedro Castro 0-0: Ball
1-0: Ground out 5-3 (Groundball, 56)
Bottom of the 3rd over - 0 runs, 0 hits, 0 errors, 0 left on base; Detroit 0 - Montgomery 1
TOP OF THE 4TH
Detroit Dirty Snow batting - Pitching for Montgomery Grey Sox : LHP Pete Shirley
Batting: RHB Gustavo López 0-0: Called Strike
0-1: Ground out U3 (Groundball, 3)
Batting: SHB Víctor Torres 0-0: Called Strike
0-1: Ball
1-1: Foul Ball, location: 2F
1-2: Ball
2-2: Hit by Pitch
Batting: RHB Phil Poole 0-0: Swinging Strike
0-1: Ball
1-1: Ball
Wild Pitch!
Víctor Torres to second
2-1: Foul Ball, location: 2F
2-2: Strikes out looking
Batting: LHB Al Cramer 0-0: Foul Ball, location: 2F
0-1: Ball
1-1: Ball
2-1: Foul Ball, location: 2F
2-2: Ground out 6-3 (Groundball, 6)
Top of the 4th over - 0 runs, 0 hits, 0 errors, 1 left on base; Detroit 0 - Montgomery 1
BOTTOM OF THE 4TH
Montgomery Grey Sox batting - Pitching for Detroit Dirty Snow : RHP Alberto Bustamante
Batting: RHB Randall James 0-0: Ball
1-0: Ball
2-0: Swinging Strike
2-1: Called Strike
2-2: Strikes out looking
Batting: RHB César Heredia 0-0: Swinging Strike
0-1: Swinging Strike
0-2: Ball
1-2: Ball
2-2: Strikes out swinging
Batting: RHB Vincente Martínez 0-0: Foul Ball, location: 2F
0-1: Ground out 5-3 (Groundball, 56S)
Bottom of the 4th over - 0 runs, 0 hits, 0 errors, 0 left on base; Detroit 0 - Montgomery 1
TOP OF THE 5TH
Detroit Dirty Snow batting - Pitching for Montgomery Grey Sox : LHP Pete Shirley
Batting: RHB António Aguilera 0-0: Called Strike
0-1: Ball
1-1: Ball
2-1: Ball
3-1: SINGLE (Flyball, 7LM)
Batting: LHB Joe Hanson 0-0: Ball
1-0: Ball
2-0: Ball
3-0: Called Strike
3-1: Base on Balls
António Aguilera to second
Batting: LHB Luis Salazar 0-0: Foul Ball, location: 2F
0-1: Foul Ball, location: 2F
0-2: Ball
1-2: Ball
2-2: Foul Ball, location: 2F
2-2: Foul Ball, location: 2F
2-2: Ball
3-2: Fielders Choice at 2nd, 6-4 (Groundball, 6M)
António Aguilera to third
Batting: LHB Lee Jenkins 0-0: Called Strike
Luis Salazar steals 2nd base
0-1: Ball
1-1: Foul Ball, location: 2F
1-2: Ball
2-2: SINGLE (Groundball, 34D)
António Aguilera scores
Luis Salazar to third
Batting: RHB Mauro Peña 0-0: 3-RUN HOME RUN (Flyball, 7LD), Distance : 373 ft
Batting: RHB Gustavo López 0-0: Swinging Strike
0-1: Fly out, F9 (Flyball, 89M)
Batting: SHB Víctor Torres 0-0: Ball
1-0: Ball
2-0: Ball
3-0: Called Strike
3-1: DOUBLE (Flyball, 89D)
Batting: RHB Phil Poole 0-0: Ball
1-0: Foul Ball, location: 2F
1-1: Ball
2-1: Ball
3-1: Called Strike
3-2: Base on Balls
Batting: LHB Al Cramer 0-0: Swinging Strike
0-1: Called Strike
0-2: Foul Ball, location: 2F
0-2: Ball
1-2: SINGLE (Groundball, 34S) (infield hit)
Víctor Torres to third
Phil Poole to second
Batting: RHB António Aguilera 0-0: Called Strike
0-1: DOUBLE (Line Drive, 9D)
Víctor Torres scores
Phil Poole scores
Al Cramer to third
Runner from 3rd tries for Home, SAFE, no throw
Pitching: RHP Josh Jenkins
Batting: LHB Joe Hanson 0-0: Ball
1-0: Called Strike
1-1: Swinging Strike
1-2: Ball
2-2: Foul Ball, location: 2F
2-2: Strikes out swinging, 2-3 out at first.
Top of the 5th over - 7 runs, 6 hits, 0 errors, 1 left on base; Detroit 7 - Montgomery 1
BOTTOM OF THE 5TH
Montgomery Grey Sox batting - Pitching for Detroit Dirty Snow : RHP Alberto Bustamante
Batting: RHB José Torres 0-0: Ball
1-0: Ground out 4-3 (Groundball, 4)
Batting: LHB Dave Wilkinson 0-0: Foul Ball, location: 2F
0-1: Ball
1-1: Ground out U3 (Groundball, 3L)
Batting: RHB Norman Hopkins 0-0: Foul Ball, location: 2F
0-1: Called Strike
0-2: Ground out 4-3 (Groundball, 4M)
Bottom of the 5th over - 0 runs, 0 hits, 0 errors, 0 left on base; Detroit 7 - Montgomery 1
TOP OF THE 6TH
Detroit Dirty Snow batting - Pitching for Montgomery Grey Sox : RHP Josh Jenkins
Batting: LHB Luis Salazar 0-0: Called Strike
0-1: Swinging Strike
0-2: Strikes out swinging
Batting: LHB Lee Jenkins 0-0: Foul Ball, location: 2F
0-1: Foul Ball, location: 2F
0-2: Ball
1-2: Ball
2-2: Foul Ball, location: 2F
2-2: Foul Ball, location: 2F
2-2: Ball
3-2: Strikes out swinging
Batting: RHB Mauro Peña 0-0: Fly out, F9 (Flyball, 9LS)
Top of the 6th over - 0 runs, 0 hits, 0 errors, 0 left on base; Detroit 7 - Montgomery 1
BOTTOM OF THE 6TH
Montgomery Grey Sox batting - Pitching for Detroit Dirty Snow : RHP Alberto Bustamante
Batting: RHB Julius Farmer 0-0: Called Strike
0-1: Swinging Strike
0-2: Ball
1-2: Strikes out looking
Batting: SHB Wilson Bray 0-0: Ball
1-0: Ball
2-0: Ball
3-0: Base on Balls
Pitching: LHP Jorge Luna
Batting: RHB Pedro Castro 0-0: Ball
1-0: Fly out, F7 (Line Drive, 78D)
Batting: RHB Randall James 0-0: Fly out, F9 (Line Drive, 9)
Bottom of the 6th over - 0 runs, 0 hits, 0 errors, 1 left on base; Detroit 7 - Montgomery 1
TOP OF THE 7TH
Detroit Dirty Snow batting - Pitching for Montgomery Grey Sox : RHP Josh Jenkins
Batting: RHB Gustavo López 0-0: SINGLE (Groundball, 56S) (infield hit)
Batting: SHB Víctor Torres 0-0: Foul Ball, location: 2F
0-1: Fly out, F9 (Flyball, 9LMF)
Batting: RHB Phil Poole 0-0: Fielders Choice at 2nd, 1-6 (Groundball, 13S)
Batting: LHB Al Cramer 0-0: Ball
1-0: Called Strike
1-1: Ball
2-1: Ball
3-1: Base on Balls
Phil Poole to second
Batting: RHB António Aguilera 0-0: Ball
1-0: Fly out, F8 (Flyball, 8LM)
Top of the 7th over - 0 runs, 1 hit, 0 errors, 2 left on base; Detroit 7 - Montgomery 1
BOTTOM OF THE 7TH
Montgomery Grey Sox batting - Pitching for Detroit Dirty Snow : LHP Jorge Luna
Batting: RHB César Heredia 0-0: Called Strike
0-1: Foul Ball, location: 2F
0-2: Ball
1-2: Foul Ball, location: 2F
1-2: Foul Ball, location: 2F
1-2: Strikes out swinging
Batting: RHB Vincente Martínez 0-0: Called Strike
0-1: Ball
1-1: Ball
2-1: Fly out, F5 (Line Drive, 56)
Batting: RHB José Torres 0-0: Foul Ball, location: 2F
0-1: Called Strike
0-2: Ball
1-2: Fly out, F8 (Flyball, 8RM)
Bottom of the 7th over - 0 runs, 0 hits, 0 errors, 0 left on base; Detroit 7 - Montgomery 1
TOP OF THE 8TH
Detroit Dirty Snow batting - Pitching for Montgomery Grey Sox : RHP Josh Jenkins
Batting: LHB Joe Hanson 0-0: SINGLE (Groundball, 3S) (infield hit)
Batting: LHB Luis Salazar 0-0: Ball
1-0: Ball
2-0: Foul Ball, location: 2F
2-1: Foul Ball, location: 2F
2-2: Fielders Choice at 2nd, 5-4 (Groundball, 56)
Batting: LHB Lee Jenkins 0-0: Called Strike
0-1: Ball
1-1: Called Strike
1-2: Ball
2-2: Grounds into double play, 4-6-3 (Groundball, 4)
Top of the 8th over - 0 runs, 1 hit, 0 errors, 0 left on base; Detroit 7 - Montgomery 1
BOTTOM OF THE 8TH
Montgomery Grey Sox batting - Pitching for Detroit Dirty Snow : LHP Jorge Luna
Batting: LHB Dave Wilkinson 0-0: Ground out U3 (Groundball, 3)
Batting: RHB Norman Hopkins 0-0: Called Strike
0-1: Called Strike
0-2: Ball
1-2: Foul Ball, location: 2F
1-2: Foul Ball, location: 2F
1-2: Ball
2-2: Ball
3-2: Ground out 6-3 (Groundball, 6)
Batting: RHB Julius Farmer 0-0: Called Strike
0-1: Foul Ball, location: 2F
0-2: Foul Ball, location: 2F
0-2: Strikes out swinging
Bottom of the 8th over - 0 runs, 0 hits, 0 errors, 0 left on base; Detroit 7 - Montgomery 1
TOP OF THE 9TH
Detroit Dirty Snow batting - Pitching for Montgomery Grey Sox : RHP Josh Jenkins
Batting: RHB Mauro Peña 0-0: Foul Ball, location: 2F
0-1: Ball
1-1: Fly out, F8 (Flyball, 8LXD)
Batting: RHB Gustavo López 0-0: Ball
1-0: Called Strike
1-1: Ball
2-1: Foul Ball, location: 2F
2-2: Ball
3-2: SINGLE (Groundball, 4MD)
Batting: SHB Víctor Torres 0-0: Fielders Choice at 2nd, 3-6 (Groundball, 3)
Batting: RHB Phil Poole 0-0: Called Strike
0-1: Foul Ball, location: 2F
0-2: Ball
1-2: Ground out 4-3 (Groundball, 4)
Top of the 9th over - 0 runs, 1 hit, 0 errors, 1 left on base; Detroit 7 - Montgomery 1
BOTTOM OF THE 9TH
Montgomery Grey Sox batting - Pitching for Detroit Dirty Snow : LHP Jorge Luna
Batting: SHB Wilson Bray 0-0: Ball
1-0: Called Strike
1-1: Called Strike
1-2: Strikes out swinging
Batting: RHB Pedro Castro 0-0: Called Strike
0-1: Ball
1-1: Ball
2-1: Foul Ball, location: 2F
2-2: Ball
3-2: Foul Ball, location: 2F
3-2: Foul Ball, location: 2F
3-2: Base on Balls
Batting: RHB Randall James 0-0: Ball
1-0: Called Strike
1-1: Ball
Balk!
Pedro Castro to second
2-1: Ball
3-1: Base on Balls
Batting: RHB César Heredia 0-0: Fly out, F8 (Line Drive, 78M)
Batting: RHB Vincente Martínez 0-0: Foul Ball, location: 2F
0-1: Called Strike
0-2: Ball
1-2: Ball
2-2: Strikes out swinging
Bottom of the 9th over - 0 runs, 0 hits, 0 errors, 2 left on base; Detroit 7 - Montgomery 1
Saturday, April 7th, 2018 - OOTP Baseball 18.8 Build 76